 Dungeon Crawl Stone Soup version 0.28.0-43-g3370ac3207 (webtiles) character file.

Game seed: 5556740907673547310

43 bnorton916 the Chiller (level 3, -2/24 HPs)
             Began as a Barachi Ice Elementalist on Mar 20, 2022.
             Slain by an orc warrior
             ... wielding a +0 trident
              (6 damage)
             ... on level 3 of the Dungeon.
             The game lasted 00:02:59 (2256 turns).

bnorton916 the Chiller (Barachi Ice Elementalist)   Turns: 2256, Time: 00:02:59

Health: -2/24      AC:  8    Str:  9    XL:     3   Next: 58%
Magic:  1/7        EV: 12    Int: 17    God:
Gold:   66         SH:  0    Dex: 12    Spells: 1/8 levels left

rFire   . . .      SeeInvis .   (no weapon)
rCold   . . .      Faith    .   (no shield)
rNeg    . . .      Spirit   .   a - +0 robe
rPois   .          Reflect  .   (no helmet)
rElec   .          Harm     .   (no cloak)
rCorr   .          Rampage  .   (no gloves)
Will    .....                   (no boots)
Stlth   ++........              (no amulet)
HPRegen 0.08/turn               (no ring)
MPRegen 0.10/turn               (no ring)

@: ice-armoured, freezing walls, slow
A: amphibious, slowness 1, strong legs 1, +LOS
a: Hop


You were on level 3 of the Dungeon.
You visited 1 branch of the dungeon, and saw 3 of its levels.

You collected 66 gold pieces.

Inventory:

Missiles
 c - 51 sling bullets
 j - 22 stones
Armour
 a - a +0 robe (worn)
Scrolls
 e - 4 scrolls of identify {unknown}
 g - 2 scrolls of acquirement {unknown}
 k - a scroll of amnesia {unknown}
Potions
 b - a potion of curing {unknown}
 d - 2 potions of might {unknown}
 f - a potion of lignification {unknown}
 h - a potion of mutation {unknown}
 i - a potion of heal wounds {unknown}


   Skills:
 - Level 2.1 Dodging
 - Level 1.7 Stealth
 + Level 3.2 Spellcasting
 + Level 5.6 Ice Magic


You had one spell level left.
You knew the following spells:

 Your Spells              Type           Power      Damage    Failure   Level
a - Freeze                Ice            84%        1d10      1%          1
b - Frozen Ramparts       Ice            42%        1d6       4%          3
c - Ozocubu's Armour      Ice            21%        N/A       4%          3

Your spell library contained the following spells:

 Spells                   Type           Power      Damage    Failure   Level
 Hailstorm                Conj/Ice       12%        3d5       47%         4


Dungeon Overview and Level Annotations

Branches:
Dungeon (3/15)

Altars:

Annotations:
D:3 Ijyb


Innate Abilities, Weirdness & Mutations

You are amphibious.
You cover ground slowly.
You can hop short distances.
You have an extended range of vision and can be seen from far away.


Message History

A goblin and a hobgoblin come into view.
The goblin shouts!
A goblin comes into view. It is wielding a +0 club.
You see here 4 gold pieces.
The orc warrior closely misses you.
Casting: Freeze (safe; 1% risk of failure)
Confirm with . or Enter, or press ? or * to list all spells.
The spell is quite dangerous to miscast (4% risk of failure)!
Continue anyway? [Y]es or [N]o only, please.
The spell is quite dangerous to miscast (4% risk of failure)!
Continue anyway?
Casting: Frozen Ramparts (quite dangerous; 4% risk of failure)
Press: ? - help, Dir - look around, f - activate The walls around you are covered in ice.
A hobgoblin comes into view.
An orc wizard comes into view. It is wielding a +0 dagger.
The wall freezes the orc warrior.
The orc warrior closely misses you.
Casting: Frozen Ramparts (quite dangerous; 4% risk of failure)
Confirm with . or Enter, or press ? or * to list all spells.
The spell is quite dangerous to miscast (4% risk of failure)!
Continue anyway? [Y]es or [N]o only, please.
The spell is quite dangerous to miscast (4% risk of failure)!
Continue anyway?
A film of ice covers your body!
An orc comes into view. It is wielding a +0 hand axe.
The wall freezes the orc warrior.
The orc warrior hits you from afar with a +0 trident!
Ouch! That really hurt!
Unknown command.
Ijyb screams, "Get away!"
A goblin comes into view. It is wielding a +0 club.
The wall freezes the orc warrior.
The orc warrior barely misses you.
Unknown command.
The wall freezes the ball python.
You kill the ball python!
The wall freezes the orc warrior.
The orc warrior hits you from afar with a +0 trident.
* * * LOW HITPOINT WARNING * * *
Unknown command.
The wall freezes the goblin.
The wall freezes the orc warrior.
The orc warrior hits you from afar with a +0 trident.
You die...

... ...........^#####?
#...###...............
#.............####.#
###...[.....#
#..###....##
#..###.#...# ####.
#......#.#.#......
#.####...#....#
....#.##@#....#<..#.$.
...oggo.$#....#...#..##
....ggg###....#......#
....... #...........#
####.. #.. ........#
#.. #....>#.#...# #.
...#..#.##.... ..
.....#.# #.### ..
.##.....# .#


You could see an orc warrior, Ijyb, an orc, 2 hobgoblins and 2 goblins.

Vanquished Creatures
  2 dart slugs (D:2)
  7 ball pythons
  4 giant cockroaches
  6 hobgoblins
  2 quokkas
  3 bats
  3 frilled lizards
  A goblin (D:1)
  3 kobolds
  6 rats
37 creatures vanquished.

Notes
Turn   | Place    | Note
-------+----------+-------------------------------------------
     0 | D:1      | bnorton916 the Barachi Ice Elementalist began the quest for
                  | the Orb.
     0 | D:1      | Reached XP level 1. HP: 13/13 MP: 3/3
   151 | D:1      | Reached skill level 5 in Ice Magic
   202 | D:1      | Reached XP level 2. HP: 19/19 MP: 1/5
  1177 | D:1      | Found a faded altar of an unknown god.
  1242 | D:2      | Reached XP level 3. HP: 24/24 MP: 1/7
  1262 | D:2      | Learned a level 3 spell: Frozen Ramparts
  1266 | D:2      | Learned a level 3 spell: Ozocubu's Armour
  2249 | D:3      | Noticed Ijyb
  2249 | D:3      | Noticed an orc warrior
  2256 | D:3      | Slain by an orc warrior

Illustrated notes

Levels and vault maps discovered:
D:1:      dpeg_arrival_short_road, layout_basic,
          shapermc_ecumenical_altar_mp_vishouse, columned_hall_lemuel,
          st_stairs_12
D:2:      layout_rooms, chequers_serial_rivers_micro_c
D:3:      layout_rooms, uniq_terence, uniq_robin, uniq_ijyb

Skill      XL: |  1  2  3 |
---------------+----------+-----
Ice Magic      | 5 |  5.6
Spellcasting   | 3 |  3.2
Dodging        | |  2.1
Stealth        | |  1.7

Action                   || total
-------------------------++-------
Melee: Unarmed           ||     4
 Cast: Freeze            ||    51
       Ozocubu's Armour  ||     1
       Frozen Ramparts   ||     1
Armor: Robe              ||     8
Dodge: Dodged            ||    36
